General information
- name: BNet
- type: Ladder team game (AT/RT)
- host: Battle.net
- saver: Mjoetvidur
map: Deadlock
- players: 8
- length: 23:03
- speed: Fast
- version: 1.26 W3XP
- replay type: Public
» download(156 KB)
Players
team 1 (loser)
BouH_032 (
purple | 112 APM | 2551 actions | 22:42)
5 Death Knight
3 Death Coil
2 Unholy Aura
4 Demon Hunter
2 Mana Burn
2 Evasion
3 Lich
2 Frost Nova
1 Frost Armor
» actions
| Assign group hotkey | 58 | |
| Basic commands | 209 | |
| Build / train | 126 | |
| Enter build submenu | 38 | |
| Enter hero's abilities submenu | 13 | |
| Give item / drop item | 3 | |
| Remove unit from queue | 4 | |
| Right click | 477 | |
| Select / deselect | 455 | |
| Select group hotkey | 1066 | |
| Use ability | 102 | |
2551 total
» units
| Acolyte | 7 | |
| Ghoul | 4 | |
| Crypt Fiend | 12 | |
| Wisp | 13 | |
| Archer | 7 | |
| Huntress | 20 | |
| Frost Wyrm | 11 | |
74 total
» upgrades
| Creature Attack | 3 | |
| Creature Carapace | 3 | |
| Web | 1 | |
| Strength of the Moon | 2 | |
| Moon Armor | 2 | |
| Freezing Breath | 1 | |
| Burrow | 1 | |
| Strength of the Wild | 0 | |
13 total
» buildings
| Graveyard | 1 | |
| Ziggurat | 10 | |
| Crypt | 1 | |
| Altar of Darkness | 1 | |
| Tomb of Relics | 2 | |
| Moon Well | 5 | |
| Hunter's Hall | 1 | |
| Ancient of War | 1 | |
| Necropolis | 1 | |
| Halls of the Dead | 1 | |
| Ancient Protector | 2 | |
| Spirit Tower | 1 | |
| Black Citadel | 1 | |
| Sacrificial Pit | 1 | |
| Boneyard | 3 | |
| Ancient of Wonders | 1 | |
| Tree of Ages | 3 | |
36 total
» build order
00:29 Graveyard
00:32 Ziggurat
00:53 Crypt
01:32 Ziggurat
01:34 Altar of Darkness
01:36 Tomb of Relics
01:59 Ziggurat
03:40 Moon Well
04:30 Moon Well
05:01 Hunter's Hall
05:29 Ancient of War
05:42 Moon Well
05:44 Moon Well
06:17 Necropolis
06:37 Halls of the Dead
06:47 Ancient Protector
06:49 Ancient Protector
07:44 Ziggurat
07:46 Ziggurat
08:03 Ziggurat
08:04 Ziggurat
08:05 Ziggurat
08:08 Tomb of Relics
08:51 Ziggurat
08:54 Ziggurat
10:06 Spirit Tower
10:07 Black Citadel
10:11 Sacrificial Pit
12:32 Boneyard
12:36 Boneyard
12:37 Boneyard
16:00 Ancient of Wonders
16:46 Tree of Ages
16:46 Tree of Ages
18:02 Moon Well
» items
| Rod of Necromancy | 1 | |
| Potion of Healing | 5 | |
| Periapt of Vitality | 1 | |
| Scroll of Town Portal | 4 | |
| Boots of Speed | 1 | |
12 total
deal.targa (
teal | 54 APM | 1240 actions | 23:01)
3 Blademaster
2 Wind Walk
1 Critical Strike
2 Shadow Hunter
1 Hex
1 Healing Wave
» actions
| Assign group hotkey | 24 | |
| Basic commands | 12 | |
| Build / train | 48 | |
| Enter build submenu | 14 | |
| Enter hero's abilities submenu | 5 | |
| Remove unit from queue | 2 | |
| Right click | 609 | |
| Select / deselect | 271 | |
| Select group hotkey | 179 | |
| Use ability | 75 | |
1240 total
» units
| Peon | 7 | |
| Grunt | 9 | |
| Troll Witch Doctor | 4 | |
| Tauren | 2 | |
| Troll Headhunter/Berserker | 3 | |
25 total
» upgrades
| Berserker Strength | 1 | |
| Melee Weapons | 1 | |
| Witch Doctor Training | 2 | |
4 total
» buildings
| Altar of Storms | 1 | |
| Orc Burrow | 6 | |
| Barracks | 1 | |
| Voodoo Lounge | 1 | |
| Stronghold | 1 | |
| Fortress | 1 | |
| War Mill | 1 | |
| Spirit Lodge | 1 | |
| Tauren Totem | 2 | |
15 total
» build order
00:17 Altar of Storms
00:34 Orc Burrow
01:02 Barracks
01:40 Voodoo Lounge
04:14 Stronghold
04:19 Orc Burrow
05:39 Orc Burrow
08:48 Fortress
08:51 War Mill
08:55 Spirit Lodge
10:28 Orc Burrow
11:41 Tauren Totem
11:46 Tauren Totem
11:53 Orc Burrow
16:16 Orc Burrow
» items
| Healing Salve | 2 | |
| Lesser Clarity Potion | 2 | |
| Scroll of Speed | 1 | |
| Potion of Healing | 2 | |
| Orb of Lightning | 1 | |
8 total

»
AlExO_o (
yellow | 35 APM | 121 actions | 03:26)
» actions
| Build / train | 6 | |
| Enter build submenu | 5 | |
| Right click | 62 | |
| Select / deselect | 38 | |
| Use ability | 10 | |
121 total
» units
» buildings
| Altar of Elders | 1 | |
| Moon Well | 2 | |
| Ancient of War | 2 | |
5 total
» build order
00:16 Altar of Elders
00:41 Moon Well
00:55 Ancient of War
01:30 Moon Well
02:37 Ancient of War
thewillyrex. (
blue | 34 APM | 773 actions | 22:59)
3 Mountain King
2 Storm Bolt
1 Bash
» actions
| Basic commands | 32 | |
| Build / train | 61 | |
| Enter build submenu | 21 | |
| Enter hero's abilities submenu | 4 | |
| Remove unit from queue | 4 | |
| Right click | 268 | |
| Select / deselect | 327 | |
| Use ability | 56 | |
773 total
» units
| Peasant | 17 | |
| Wisp | 1 | |
| Gryphon Rider | 14 | |
| Archer | 2 | |
| Dragonhawk Rider | 2 | |
36 total
» upgrades
» buildings
| Farm | 9 | |
| Altar of Kings | 1 | |
| Keep | 1 | |
| Lumber Mill | 1 | |
| Arcane Vault | 1 | |
| Blacksmith | 1 | |
| Gryphon Aviary | 4 | |
| Castle | 1 | |
| Tree of Ages | 1 | |
| Town Hall | 1 | |
21 total
» build order
00:03 Farm
00:05 Altar of Kings
02:27 Keep
02:30 Farm
02:32 Lumber Mill
02:42 Arcane Vault
03:16 Farm
03:52 Blacksmith
03:55 Farm
04:34 Farm
05:18 Farm
05:29 Gryphon Aviary
05:33 Gryphon Aviary
05:56 Farm
06:16 Castle
07:06 Gryphon Aviary
07:23 Tree of Ages
10:24 Farm
11:14 Town Hall
12:54 Farm
20:50 Gryphon Aviary
» items
| Potion of Healing | 4 | |
| Lesser Clarity Potion | 1 | |
| Potion of Mana | 2 | |
| Scroll of Regeneration | 3 | |
| Scroll of Town Portal | 1 | |
11 total
team 2 (winner)
Mjoetvidur (
green | 98 APM | 2259 actions | 23:03)
10 Mountain King
3 Storm Bolt
3 Bash
1 Avatar
3 Thunder Clap
» actions
| Assign group hotkey | 99 | |
| Basic commands | 68 | |
| Build / train | 121 | |
| ESC pressed | 4 | |
| Enter build submenu | 32 | |
| Enter hero's abilities submenu | 10 | |
| Remove unit from queue | 2 | |
| Right click | 792 | |
| Select / deselect | 246 | |
| Select group hotkey | 684 | |
| Use ability | 201 | |
2259 total
» units
| Peasant | 15 | |
| Footman | 5 | |
| Dragonhawk Rider | 10 | |
| Gryphon Rider | 3 | |
33 total
» upgrades
| Swords | 3 | |
| Masonry | 3 | |
| Armor | 3 | |
| Lumber Harvesting | 2 | |
| Animal War Training | 1 | |
| Storm Hammers | 1 | |
| Cloud | 1 | |
14 total
» buildings
| Farm | 10 | |
| Barracks | 1 | |
| Altar of Kings | 1 | |
| Scout Tower | 9 | |
| Blacksmith | 1 | |
| Arcane Tower | 8 | |
| Arcane Vault | 1 | |
| Town Hall | 2 | |
| Lumber Mill | 1 | |
| Keep | 3 | |
| Guard Tower | 11 | |
| Gryphon Aviary | 3 | |
| Castle | 4 | |
55 total
» build order
00:50 Farm
00:53 Barracks
00:55 Altar of Kings
01:07 Farm
01:33 Farm
01:52 Scout Tower
01:58 Scout Tower
02:17 Farm
02:26 Blacksmith
02:41 Arcane Tower
02:41 Arcane Tower
03:26 Farm
03:40 Arcane Vault
04:11 Town Hall
04:53 Scout Tower
05:39 Lumber Mill
05:42 Arcane Tower
05:42 Arcane Tower
05:43 Arcane Tower
05:47 Scout Tower
06:23 Keep
06:23 Keep
06:23 Keep
06:39 Scout Tower
06:42 Scout Tower
06:46 Scout Tower
07:12 Guard Tower
07:13 Guard Tower
07:14 Guard Tower
07:14 Guard Tower
07:18 Guard Tower
08:36 Scout Tower
08:37 Scout Tower
08:49 Gryphon Aviary
08:50 Gryphon Aviary
08:53 Castle
08:53 Castle
08:53 Castle
09:40 Guard Tower
09:41 Guard Tower
09:41 Guard Tower
11:08 Gryphon Aviary
11:12 Farm
16:09 Farm
16:10 Farm
18:20 Farm
21:03 Farm
22:03 Town Hall
» items
| Boots of Speed | 1 | |
| Lesser Clarity Potion | 2 | |
| Scroll of Regeneration | 5 | |
| Periapt of Vitality | 1 | |
| Scroll of Town Portal | 4 | |
| Potion of Healing | 1 | |
14 total
Maurice19 (
orange | 49 APM | 1126 actions | 23:02)
5 Death Knight
3 Death Coil
2 Unholy Aura
» actions
| Build / train | 48 | |
| Enter build submenu | 15 | |
| Enter hero's abilities submenu | 5 | |
| Remove unit from queue | 2 | |
| Right click | 761 | |
| Select / deselect | 242 | |
| Use ability | 53 | |
1126 total
» units
| Acolyte | 5 | |
| Ghoul | 4 | |
| Crypt Fiend | 10 | |
| Gargoyle | 2 | |
21 total
» upgrades
| Creature Attack | 2 | |
| Creature Carapace | 2 | |
| Web | 1 | |
5 total
» buildings
| Ziggurat | 10 | |
| Crypt | 1 | |
| Graveyard | 1 | |
| Altar of Darkness | 1 | |
| Spirit Tower | 5 | |
| Tomb of Relics | 2 | |
| Halls of the Dead | 2 | |
| Sacrificial Pit | 1 | |
| Necropolis | 1 | |
24 total
» build order
00:13 Ziggurat
00:17 Crypt
00:43 Graveyard
01:10 Altar of Darkness
01:29 Ziggurat
03:25 Spirit Tower
04:03 Spirit Tower
04:15 Tomb of Relics
04:25 Tomb of Relics
07:14 Ziggurat
07:15 Ziggurat
07:16 Ziggurat
07:55 Halls of the Dead
08:20 Spirit Tower
08:21 Spirit Tower
10:42 Ziggurat
10:51 Sacrificial Pit
15:04 Necropolis
15:25 Ziggurat
15:26 Ziggurat
15:59 Ziggurat
16:50 Halls of the Dead
16:55 Ziggurat
16:57 Spirit Tower
» items
| Dust of Appearance | 1 | |
| Rod of Necromancy | 1 | |
| Scroll of Town Portal | 2 | |
| Potion of Healing | 1 | |
| Potion of Mana | 1 | |
| Orb of Venom | 1 | |
7 total

»
Jules. (
red | 73 APM | 1693 actions | 23:02)
7 Priestess of the Moon
3 Searing Arrows
3 Trueshot Aura
1 Starfall
4 Keeper of the Grove
2 Entangling Roots
2 Thorns Aura
» actions
| Assign group hotkey | 49 | |
| Build / train | 106 | |
| ESC pressed | 4 | |
| Enter build submenu | 18 | |
| Enter hero's abilities submenu | 11 | |
| Remove unit from queue | 2 | |
| Right click | 581 | |
| Select / deselect | 264 | |
| Select group hotkey | 618 | |
| Use ability | 40 | |
1693 total
» units
| Wisp | 28 | |
| Huntress | 16 | |
| Dryad | 18 | |
| Archer | 2 | |
| Druid of the Talon | 10 | |
74 total
» upgrades
| Strength of the Moon | 3 | |
| Strength of the Wild | 2 | |
| Well Spring | 1 | |
| Upgrade Moon Glaive | 1 | |
| Abolish Magic | 1 | |
| Druid of the Talon Training | 2 | |
| Ultravision | 1 | |
| Mark of the Talon | 1 | |
| Hardened Skin | 1 | |
13 total
» buildings
| Moon Well | 8 | |
| Altar of Elders | 1 | |
| Hunter's Hall | 1 | |
| Ancient of War | 1 | |
| Ancient of Wonders | 1 | |
| Tree of Ages | 1 | |
| Ancient of Lore | 1 | |
| Tree of Eternity | 1 | |
| Ancient of Wind | 1 | |
| Tree of Life | 1 | |
17 total
» build order
00:24 Moon Well
00:34 Altar of Elders
01:15 Hunter's Hall
01:48 Ancient of War
02:03 Ancient of Wonders
02:50 Tree of Ages
03:42 Moon Well
03:48 Moon Well
04:35 Moon Well
05:42 Ancient of Lore
06:07 Moon Well
06:50 Tree of Eternity
07:27 Ancient of Wind
10:44 Tree of Life
12:25 Moon Well
20:38 Moon Well
20:43 Moon Well
» items

»
Gene2 (
pink | 26 APM | 589 actions | 23:02)
» actions
| Build / train | 63 | |
| ESC pressed | 2 | |
| Enter build submenu | 28 | |
| Right click | 305 | |
| Select / deselect | 161 | |
| Use ability | 30 | |
589 total
» units
| Peasant | 11 | |
| Rifleman | 12 | |
| Knight | 14 | |
37 total
» upgrades
| Long Rifles | 1 | |
| Armor | 2 | |
| Gunpowder | 1 | |
| Animal War Training | 1 | |
| Swords | 3 | |
| Plating | 2 | |
| Lumber Harvesting | 1 | |
| Masonry | 1 | |
12 total
» buildings
| Farm | 9 | |
| Altar of Kings | 1 | |
| Barracks | 1 | |
| Blacksmith | 1 | |
| Lumber Mill | 1 | |
| Scout Tower | 12 | |
| Keep | 1 | |
| Arcane Tower | 2 | |
| Guard Tower | 9 | |
| Castle | 1 | |
| Town Hall | 1 | |
39 total
» build order
00:24 Farm
00:39 Altar of Kings
00:59 Farm
01:36 Farm
01:45 Barracks
01:57 Blacksmith
02:21 Farm
02:59 Farm
03:09 Lumber Mill
04:26 Scout Tower
04:31 Keep
05:03 Arcane Tower
05:09 Farm
05:22 Scout Tower
06:31 Guard Tower
06:35 Scout Tower
06:40 Farm
06:52 Castle
07:19 Farm
08:26 Scout Tower
08:29 Guard Tower
09:49 Guard Tower
09:53 Scout Tower
10:41 Guard Tower
10:47 Scout Tower
11:32 Guard Tower
13:35 Scout Tower
14:10 Guard Tower
14:57 Scout Tower
15:53 Town Hall
16:10 Scout Tower
17:18 Scout Tower
17:21 Arcane Tower
18:02 Scout Tower
18:35 Guard Tower
18:43 Scout Tower
18:52 Guard Tower
19:36 Guard Tower
21:10 Farm
Chat log
(00:14 / All) Mjoetvidur: ASL everyone?
(00:17 / All) Mjoetvidur: What are you all wearing
(00:28 / All) deal.targa: naked
(09:17 / Allies) Mjoetvidur: no micro lol
(13:33 / Allies) Maurice19: team?
(13:56 / Allies) Maurice19: gg lose
(14:03 / Allies) Mjoetvidur: since we had you
(14:04 / Allies) Mjoetvidur: and pink
(14:23 / Allies) Jules.: repair
(14:25 / Allies) Gene2: kom all
(14:25 / Allies) Mjoetvidur: reapir wtf
(20:24 / All) Mjoetvidur: Damn your team was even worse than mine red was the only good player on it
(20:34 / All) Mjoetvidur: how did you manage to throw this away?
(21:31 / All) Mjoetvidur: militia against t3 and t2 air wtf
(22:33 / All) Mjoetvidur: countered wyrmbot just makes more wyrms
(22:40 / All) BouH_032: blue big noobas